AoeStats
← Gun™

African Clearing

510316174Analyzed
4v4 RM · 7h ago on Sep 30, 2026· 40m 5s· 8 players
Game mode
Random Map
Map size
Large (8 player)
Population
200
Speed
Normal
Resources
Standard
Victory
Conquest
Starting age
Dark Age
Ending age
Imperial Age
RankedLock teamsTeams togetherTeam positionsShared explorationLock speedFull tech treeHidden civsTurbo modeCheats
Victory
Defeat
🇪🇨 Huns · Ecuador
1657
+15
🇸🇪 Romans · Sweden
1609
+17
1608
+17
🇨🇳 Chinese · China
1493
+20
🇻🇳 Koreans · Vietnam
1842
-26
🇻🇳 Ethiopians · Vietnam
1610
-17
🇨🇳 Britons · China
1522
-13
🇹🇼 Saracens · Taiwan
1509
-13
xGusZx24
12:24 Feudal Age
12:33 Loom
13:23 Double-Bit Axe
16:23 Castle Age
18:11 Bow Saw
20:21 Town Watch
21:14 Wheelbarrow
23:59 Scale Mail Armor
26:26 Pikeman
29:04 Fletching
Kaladin Stormblessed
9:40 Loom
12:00 Feudal Age
13:21 Double-Bit Axe
16:19 Scale Barding Armor
17:10 Forging
22:31 Castle Age
21:17 Gold Mining
21:27 Fletching
21:38 Padded Archer Armor
21:39 Horse Collar
23:16 Bodkin Arrow
27:09 Bow Saw
31:07 Elite Skirmisher
33:07 Ballistics
34:14 Leather Archer Armor
35:55 Bloodlines
38:12 Wheelbarrow
40:13 Imperial Age
37:29 Town Watch
38:35 Bloodlines
38:26 Husbandry
38:51 Marauders
39:12 Chain Barding Armor
40:15 Hand Cart
枕上鸳鸯睡红莲
6:24 Loom
12:32 Feudal Age
13:00 Double-Bit Axe
14:52 Forging
15:46 Horse Collar
17:10 Wheelbarrow
22:25 Castle Age
20:47 Scale Barding Armor
21:11 Bloodlines
22:13 Light Cavalry
22:53 Husbandry
23:17 Chain Barding Armor
26:49 Bow Saw
26:43 Town Watch
28:04 Heavy Plow
33:03 Hand Cart
38:31 Imperial Age
37:33 Iron Casting
38:11 Cavalier
39:27 Plate Barding Armor
40:14 Two-Man Saw
39:55 Savar
第一滴血
13:32 Feudal Age
14:54 Loom
17:10 Castle Age
15:34 Double-Bit Axe
16:22 Fishing Lines
16:51 Horse Collar
18:36 Bow Saw
19:17 Wheelbarrow
24:44 Loom
25:54 Hand Cart
30:58 Imperial Age
28:53 Fletching
29:57 Ballistics
30:08 Gold Mining
30:09 Stone Mining
30:21 Heavy Plow
30:08 Town Watch
32:16 Bodkin Arrow
33:25 Chemistry
34:00 Two-Man Saw
33:37 Gold Shaft Mining
34:11 Bracer
34:11 Padded Archer Armor
35:58 Conscription
35:55 Leather Archer Armor
35:48 Thumb Ring
37:30 Ring Archer Armor
39:04 Elite Chu Ko Nu
123456
3:29 Loom
12:37 Feudal Age
16:25 Double-Bit Axe
17:17 Fletching
17:17 Horse Collar
19:39 Padded Archer Armor
21:48 Scale Mail Armor
22:21 Gold Mining
23:12 Wheelbarrow
23:10 Town Watch
28:25 Castle Age
30:25 Bodkin Arrow
31:57 Bow Saw
32:08 Forging
33:16 Pikeman
37:28 Hand Cart
37:50 Chain Mail Armor
40:42 Imperial Age
ChauNg
12:01 Loom
13:56 Feudal Age
18:10 Castle Age
17:00 Double-Bit Axe
19:06 Bow Saw
18:58 Fishing Lines
19:42 Fletching
22:03 Horse Collar
25:03 Bodkin Arrow
33:13 Imperial Age
33:44 Wheelbarrow
33:54 Gold Mining
33:47 Elite War Wagon
34:48 Bracer
36:24 Chemistry
35:45 Ballistics
36:13 Gold Shaft Mining
35:29 Stone Mining
36:21 Conscription
36:36 Husbandry
37:20 Thumb Ring
38:04 Hand Cart
Gun™
4:31 Loom
12:23 Feudal Age
13:01 Double-Bit Axe
13:34 Double-Bit Axe
17:53 Fletching
20:29 Horse Collar
27:35 Castle Age
26:30 Gold Mining
28:12 Bodkin Arrow
27:44 Crossbowman
28:55 Thumb Ring
29:11 Bow Saw
29:40 Wheelbarrow
30:10 Padded Archer Armor
40:38 Imperial Age
39:15 Scale Mail Armor
39:16 Squires
40:17 Chain Mail Armor
yclin124
5:40 Loom
11:01 Loom
13:21 Feudal Age
14:21 Double-Bit Axe
16:50 Castle Age
16:42 Fletching
17:47 Bow Saw
24:15 Wheelbarrow
24:50 Bloodlines
24:42 Padded Archer Armor
25:04 Gold Mining
26:34 Horse Collar
27:35 Bodkin Arrow
29:00 Husbandry
29:18 Leather Archer Armor
29:46 Ballistics
31:31 Crossbowman
33:11 Masonry
33:30 Elite Skirmisher
36:03 Guard Tower
Connection lost

Rejoining the realm…

Still unreachable

The connection could not be restored.

Session expired

The server has moved on; the page needs a fresh start.